 Dungeon Crawl Stone Soup version 0.30-a0-1075-gcd70e7a56d (webtiles) character file.

Game seed: 7201165780422433397

35 jimonade the Grasshopper (level 3, 0/28 HPs)
             Began as a Barachi Warper on Apr 15, 2023.
             Succumbed to a scorpion's poison
             ... on level 2 of the Dungeon.
             The game lasted 00:02:22 (1231 turns).

jimonade the Grasshopper (Barachi Warper)           Turns: 1231, Time: 00:02:23

Health: 0/28       AC:  3    Str: 12    XL:     3   Next: 33%
Magic:  6/6        EV: 12    Int: 13    God:
Gold:   52         SH:  0    Dex: 13    Spells: 6/6 levels left

rFire   . . .      SeeInvis .    a - +0 falchion
rCold   . . .      Faith    .    (no shield)
rNeg    . . .      Spirit   .    i - +0 leather armour
rPois   .          Reflect  .    (no helmet)
rElec   .          Rampage  .    (no cloak)
rCorr   .                        (no gloves)
Will    .....                    (no boots)
Stlth   +                        (no amulet)
HPRegen 0.24/turn                (no ring)
MPRegen 0.10/turn                (no ring)

@: lethally poisoned (0 -> -4), slow
A: amphibious, slowness 1, strong legs 1, +LOS
a: Hop


You were on level 2 of the Dungeon.
You visited 1 branch of the dungeon, and saw 2 of its levels.

You collected 52 gold pieces.

Inventory:

Hand Weapons
 a - a +0 falchion (weapon)
 b - a +0 sling
Missiles
 d - 7 boomerangs of dispersal (quivered)
Armour
 i - a +0 leather armour (worn)
Scrolls
 c - a scroll of blinking
 f - a scroll of enchant weapon {unknown}
 g - a scroll of silence {unknown}
 h - a scroll of identify {unknown}
Potions
 e - a potion of mutation {unknown}
 j - a potion of degeneration {unknown}


   Skills:
 + Level 2.8 Fighting
 + Level 3.0 Long Blades
 + Level 1.0 Throwing
 + Level 2.0 Armour
 + Level 2.3 Dodging
 + Level 0.2 Stealth
 + Level 2.1 Spellcasting
 * Level 3.8 Translocations


You had 6 spell levels left.
You didn't know any spells.
Your spell library contained the following spells:

 Spells                   Type           Power      Damage    Failure   Level
 Blink                    Tloc           22%        N/A       10%         2
 Lesser Beckoning         Tloc           22%        N/A       10%         2
 Teleport Other           Tloc           11%        N/A       21%         3
 Summon Small Mammal      Summ           4%         N/A       32%         1
 Vhi's Electric Charge    Tloc/Air       12%        N/A       41%         3
 Manifold Assault         Tloc           11%        N/A       54%         4
 Call Canine Familiar     Summ           1%         N/A       67%         3
 Summon Guardian Golem    Hex/Summ       1%         N/A       67%         3


Dungeon Overview and Level Annotations

Branches:
Dungeon (2/15)

Altars:


Innate Abilities, Weirdness & Mutations

You are amphibious.
You cover ground slowly.
You can hop short distances.
You have an extended range of vision and can be seen from far away.


Message History

You slash the ball python!
You kill the ball python!
No target in view!
HP restored.
You open the door.
There is an open door here.
Found a stone staircase leading down.
There is a stone staircase leading down here.
A hobgoblin and a scorpion come into view.
The scorpion stings you but does no damage.
You hit the scorpion but do no damage. The scorpion stings you.
You are poisoned.
The scorpion poisons you!
You barely miss the scorpion.
You feel sick.
The scorpion stings you but does no damage.
You closely miss the scorpion.
You feel sick. The scorpion closely misses you. The scorpion barely misses you.
You hit the scorpion but do no damage.
You feel sick. The scorpion stings you.
You are more poisoned.
The scorpion poisons you!
You barely miss the scorpion.
You feel very sick. The scorpion stings you.
You hit the scorpion but do no damage.
* * * LOW HITPOINT WARNING * * *
You feel very sick.
The scorpion stings you but does no damage.
The scorpion closely misses you.
You barely miss the scorpion.
* * * LOW HITPOINT WARNING * * *
You feel sick. The scorpion stings you.
* * * LOW HITPOINT WARNING * * *
You barely miss the scorpion.
* * * LOW HITPOINT WARNING * * *
You feel sick.
The scorpion stings you but does no damage.
The scorpion misses you.
You hit the scorpion.
The scorpion is moderately wounded.
You die...

....###...#.. .#...####.....
.........#..# ..#...........
........#...##...#..........
.......#..........#.........
.........#.............###.
#.......#.............# #.
.$#.......#.............###.
..........s...............'.
g.........#@.......#####.##.
.....#.####........+........
... # ###......#####....
+......+........
#......###.##...
#..#......##..##..^
#......###..###...
######..#..## .... ##>..##
##.


You could see a scorpion.

Vanquished Creatures
  A dart slug (D:1)
  2 ball pythons (D:2)
  3 bats (D:1)
  4 endoplasms (D:1)
  A goblin (D:1)
  3 hobgoblins
  5 quokkas (D:1)
  2 frilled lizards (D:1)
  4 kobolds (D:1)
  A rat (D:1)
26 creatures vanquished.

Notes
Turn   | Place    | Note
-------+----------+-------------------------------------------
     0 | D:1      | jimonade the Barachi Warper began the quest for the Orb.
     0 | D:1      | Reached XP level 1. HP: 17/17 MP: 3/3
   220 | D:1      | Reached XP level 2. HP: 16/23 MP: 5/5
   610 | D:1      | Reached XP level 3. HP: 25/28 MP: 6/6
  1158 | D:2      | Found a faded altar of an unknown god.
  1215 | D:2      | Noticed a scorpion
  1230 | D:2      | HP: 1/28 [poisoned by a scorpion]
  1231 | D:2      | Succumbed to a scorpion's poison

Illustrated notes

Levels and vault maps discovered:
D:1:      lemuel_arrival_funnel, layout_basic
D:2:      layout_basic, shapermc_ecumenical_altar_gd, minivault_26

Skill      XL: |  1  2  3 |
---------------+----------+-----
Long Blades    | 3 |  3.0
Armour         | 2 |  2.0
Fighting       | |  2.8
Throwing       | |  1.0
Dodging        | |  2.3
Stealth        | |  0.2
Spellcasting   | |  2.1
Translocations | |  3.8

Action                     || total
---------------------------++-------
  Melee: Falchion          ||   117
         Punch             ||     2
 Armour: Leather armour    ||    49
  Dodge: Dodged            ||    96

Table legend: (Time is in decaauts)
 A = Elapsed time spent in this place.
 B = Non-inter-level travel time spent in this place.
 C = Inter-level travel time spent in this place.
 D = Time resting spent in this place.
 E = Time spent auto-exploring this place.
 F = Levels seen in this place.
 G = Mean time per level.
                   A        B        C        D        E       F      G
               +--------+--------+--------+--------+--------+-----+--------+
         Total |   1426 |   1357 |     69 |     38 |   1010 |   2 |  713.0 |
       Dungeon |   1426 |   1357 |     69 |     38 |   1010 |   2 |  713.0 |
               +--------+--------+--------+--------+--------+-----+--------+

Top non-repeatable levels by time:
     D:1: 1334 daAuts
     D:2: 92 daAuts
